 Dungeon Crawl Stone Soup version 0.29.0-11-gd7f09526c8 (webtiles) character file.

Game seed: 1416340737680148095

834 ragingrage the Conjurer (level 8, -2/44 HPs)
             Began as a Kobold Hedge Wizard on Sept 7, 2022.
             Was an Initiate of Hepliaklqana.
             Slain by a gnoll sergeant
             ... wielding a +0 mace
              (9 damage)
             ... on level 6 of the Dungeon.
             The game lasted 00:11:43 (8032 turns).

ragingrage the Conjurer (Kobold Hedge Wizard)       Turns: 8032, Time: 00:11:43

Health: -2/44      AC:  3    Str:  7    XL:     8   Next: 18%
Magic:  12/15      EV: 16    Int: 18    God:    Hepliaklqana [......]
Gold:   210        SH:  0    Dex: 20    Spells: 10/17 levels left

rFire   . . .      SeeInvis .   g - +3 short sword (venom)
rCold   . . .      Faith    .   (no shield)
rNeg    + . .      Spirit   .   b - +0 robe
rPois   .          Reflect  .   c - +0 hat
rElec   .          Harm     .   i - +0 cloak
rCorr   .          Rampage  .   (no gloves)
Will    +++..      Clarity  +   (no boots)
Stlth   +++.......              n - amulet of the Four Winds {rN+ Will+++ Clar}
HPRegen 0.14/turn               e - +6 ring of dexterity
MPRegen 0.14/turn               (no ring)

@: mighty, attractive, flying
A: small, no large weapons, nightstalker 3
a: Renounce Religion


You were on level 6 of the Dungeon.
You worshipped Hepliaklqana.
Hepliaklqana was noncommittal.
You visited 2 branches of the dungeon, and saw 7 of its levels.

You collected 210 gold pieces.

Inventory:

Hand Weapons
 f - a +2 dagger of draining
 g - a +3 short sword of venom (weapon)
Missiles
 q - 4 poisoned darts
Armour
 b - a +0 robe (worn)
 c - a +0 hat (worn)
 i - a +0 cloak (worn)
Jewellery
 e - a +6 ring of dexterity (left hand)
 n - the amulet of the Four Winds (around neck) {rN+ Will+++ Clar}
   (You took it off a goblin on level 2 of the Dungeon)

   [amulet of nothing]

   rN:        It protects you from negative energy.
   Clar:      It protects you against confusion.
   Will:      It greatly increases your willpower.
Wands
 r - a wand of flame (2)
Scrolls
 h - a scroll of poison {unknown}
 j - a scroll of noise {unknown}
 l - a scroll of teleportation
 o - a scroll of immolation
Potions
 d - a potion of magic
 k - a potion of curing {unknown}
 m - 2 potions of lignification


   Skills:
 + Level 2.0 Fighting
 + Level 3.4 Dodging
 - Level 2.6 Stealth
 - Level 5.0 Spellcasting
 - Level 6.0 Conjurations
 - Level 4.0 Summonings
 - Level 1.0 Translocations


You had 10 spell levels left.
You knew the following spells:

 Your Spells              Type           Power      Damage    Failure   Level
a - Magic Dart            Conj           100%       1d8       1%          1
b - Call Imp              Summ           18%        N/A       3%          2
c - Mephitic Cloud        Conj/Pois/Air  11%        N/A       17%         3
d - Shock                 Conj/Air       60%        1d6       3%          1

Your spell library contained the following spells:

 Spells                   Type           Power      Damage    Failure   Level
 Conjure Flame            Conj/Fire      15%        6-21      12%         3
 Slow                     Hex            16%        N/A       13%         1
 Blink                    Tloc           16%        N/A       13%         2
 Sublimation of Blood     Necr           4%         N/A       21%         2
 Wereblood                Tmut           4%         N/A       21%         2
 Ignite Poison            Fire/Tmut/Pois 4%         N/A       36%         3
 Ozocubu's Armour         Ice            4%         N/A       36%         3
 Swiftness                Air            4%         N/A       36%         3
 Airstrike                Air            2%         2d(1-17)  78%         4
 Freezing Cloud           Conj/Ice/Air   5%         6-21      85%         5
 Metabolic Englaciation   Hex/Ice        2%         N/A       98%         5
 Simulacrum               Ice/Necr       2%         N/A       100%        6
 Summon Hydra             Summ           9%         N/A       100%        7


Dungeon Overview and Level Annotations

Branches:
Dungeon (6/15)             Temple (1/1) D:4

Altars:
Dithmenos
Hepliaklqana
Makhleb
Qazlal
Sif Muna

Annotations:
D:3 exclusion: 2 downstairs
D:4 1 runed translucent door, Crazy Yiuf, Edmund, Eustachio, Sigmund
D:5 Ijyb


Innate Abilities, Weirdness & Mutations

You are small and have problems with some larger weapons.
You are completely attuned to the shadows.


Message History

Your white imp gestures at the gnoll sergeant.
The puff of frost misses the gnoll sergeant.
The magic dart hits the gnoll sergeant but does no damage.
The gnoll sergeant is lightly wounded.
Your white imp barely misses the gnoll sergeant.
You closely miss the gnoll sergeant.
The gnoll sergeant is lightly wounded.
The gnoll sergeant completely misses you.
Your white imp barely misses the gnoll sergeant.
The gnoll sergeant hits you with a +0 mace!
You hit the gnoll sergeant.
The gnoll sergeant is moderately wounded.
Your white imp hits the gnoll sergeant but does no damage.
The gnoll sergeant hits you with a +0 mace!
You hit the gnoll sergeant.
The gnoll sergeant is poisoned.
The gnoll sergeant is moderately wounded.
Your white imp misses the gnoll sergeant.
The gnoll sergeant hits you with a +0 mace!
* * * LOW HITPOINT WARNING * * *
It was a potion of attraction.
You feel attractive to monsters.
Your white imp hits the gnoll sergeant but does no damage.
The gnoll sergeant hits your white imp with a +0 mace!
It was a potion of flight.
You feel very buoyant.
You fly up into the air.
Your white imp gestures at the gnoll sergeant.
The puff of frost hits the gnoll sergeant.
The gnoll sergeant barely misses your white imp.
Okay, then.
Your white imp hits the gnoll sergeant but does no damage.
The gnoll sergeant hits your white imp with a +0 mace.
Your white imp dies!
Your white imp disappears in a puff of smoke!
The gnoll sergeant shouts!
The gnoll sergeant is attracted toward you.
It was a potion of might.
You feel very mighty all of a sudden.
The gnoll sergeant hits you with a +0 mace!
You die...

#.###.#.#########
#.# #.#(#.......#
##.###.#..)......#
##.#....##)......#
##.#[#..##.......#
#....#..##.......#
#>.###..##.....ยง.#
)..# ...##......g#
##.#
##.##......@########
#.# ####...........#
##.# ###########.#
...# #.# #### #####
#.# #..<# #.#
#.#####.# #.......#
#########


You could see a gnoll sergeant (very poisoned).

Vanquished Creatures
  An ice beast (D:5)
  An ogre (D:5)
  2 bullfrogs (D:6)
  A scorpion (D:5)
  A hound (D:5)
  A jelly (D:6)
  2 orc wizards
  3 gnolls
  2 adders
  A shadow imp (D:6)
  An ufetubus (D:5)
  2 dart slugs
  6 orcs
  5 ball pythons
  An endoplasm (D:3)
  2 giant cockroaches
  3 goblins
  5 hobgoblins
  5 jackals
  4 quokkas
  4 bats
  2 frilled lizards
  2 goblin zombies (D:5)
  4 kobolds
  2 rats
63 creatures vanquished.

Vanquished Creatures (collateral kills)
  A scorpion (D:5)
  An orc wizard (D:3)
  5 adders
  7 gnolls
  2 worms
  3 dart slugs
  8 orcs
  2 endoplasms
  A goblin (D:2)
  A hobgoblin (D:3)
  2 jackals (D:2)
  A ball python (D:2)
  A bat (D:2)
  A kobold (D:1)
36 creatures vanquished.

Vanquished Creatures (others)
  A plant (D:4)
1 creature vanquished.

Grand Total: 100 creatures vanquished

Notes
Turn   | Place    | Note
-------+----------+-------------------------------------------
     0 | D:1      | ragingrage the Kobold Hedge Wizard began the quest for the
                  | Orb.
     0 | D:1      | Reached XP level 1. HP: 10/10 MP: 4/4
   352 | D:1      | Reached XP level 2. HP: 15/15 MP: 3/6
   399 | D:1      | Learned a level 2 spell: Call Imp
  1078 | D:1      | Found a faded altar of an unknown god.
  1098 | D:1      | Reached XP level 3. HP: 11/19 MP: 0/8
  2003 | D:2      | Reached skill level 2 in Conjurations
  2407 | D:2      | Reached XP level 4. HP: 22/24 MP: 2/9
  3425 | D:3      | Learned a level 3 spell: Mephitic Cloud
  3602 | D:3      | Reached XP level 5. HP: 25/28 MP: 3/11
  4682 | D:3      | Reached skill level 3 in Conjurations
  5204 | D:4      | Noticed Edmund
  5305 | D:5      | Entered Level 5 of the Dungeon
  5350 | D:5      | Learned a level 1 spell: Shock
  5369 | D:5      | Reached XP level 6. HP: 26/32 MP: 7/13
  5474 | D:5      | Noticed an ogre
  5497 | D:5      | Killed an ogre
  5498 | D:5      | Reached skill level 5 in Spellcasting
  5498 | D:5      | Reached XP level 7. HP: 36/36 MP: 9/14
  5697 | D:5      | Reached skill level 4 in Conjurations
  5791 | D:5      | Noticed Ijyb
  5947 | D:4      | Found a staircase to the Ecumenical Temple.
  6125 | Temple   | Entered the Ecumenical Temple
  6239 | Temple   | Became a worshipper of Hepliaklqana the Forgotten
  6335 | D:4      | Noticed Eustachio
  6398 | D:4      | Found a runed translucent door.
  6401 | D:4      | Noticed Crazy Yiuf
  6491 | D:4      | Noticed Sigmund
  6871 | D:5      | Reached skill level 5 in Conjurations
  7344 | D:6      | Reached skill level 6 in Conjurations
  7367 | D:6      | Reached XP level 8. HP: 42/42 MP: 11/15
  7444 | D:5      | Reached skill level 1 in Fighting
  8032 | D:6      | Slain by a gnoll sergeant

Illustrated notes

Levels and vault maps discovered:
D:1:      dpeg_arrival_yet_another_circle, layout_rooms,
          ebering_ecumenical_altar_rust
D:2:      wander_river, layout_basic
D:3:      layout_rooms, nicolae_hexahallways, grunt_ministairs_9,
          minmay_stone_trees_medium
D:4:      layout_rooms, minmay_temple_entry_overgrown, uniq_crazy_yiuf_cottage,
          uniq_eustachio, uniq_edmund, uniq_sigmund
D:5:      layout_loops_corners, enter_ossuary_4, uniq_ijyb
D:6:      layout_basic
Temple:   hc_temple_tempest_star

Skill      XL: |  1  2  3  4  5  6  7  8 |
---------------+-------------------------+-----
Conjurations   | 2 3 6 |  6.0
Summonings     | 2 3 4 |  4.0
Spellcasting   | 4 5 |  5.0
Fighting       | 2 |  2.0
Dodging        | 3 |  3.4
Stealth        | |  2.6
Translocations | |  1.0

Action                   |  1- 3 |  4- 6 |  7- 9 || total
-------------------------+-------+-------+-------++-------
Melee: Dagger            |    38 |    36 |       ||    74
       Short sword       |       |       |    32 ||    32
 Cast: Magic Dart        |    63 |    82 |    47 ||   192
       Call Imp          |    10 |    28 |    19 ||    57
       Shock             |       |       |    10 ||    10
       Mephitic Cloud    |       |       |     3 ||     3
Evoke: Wand              |       |     6 |       ||     6
  Use: Scroll            |       |     5 |     1 ||     6
       Potion            |       |     1 |     3 ||     4
 Stab: Invisible         |       |     3 |       ||     3
Armor: Robe              |     7 |    10 |     5 ||    22
Dodge: Dodged            |    45 |    61 |    40 ||   146
